 Dungeon Crawl Stone Soup version 0.25-a0-246-g58704a1ebd (webtiles) character file.

Game seed: 968327039496586317, levelgen mode: classic

1090 Borgoz the Twirler (level 8, -1/49 HPs)
             Began as a Gargoyle Gladiator on Dec 3, 2019.
             Killed by divine providence
             ... invoked by an orc priest
              (11 damage)
             ... on level 6 of the Dungeon.
             The game lasted 00:06:21 (4408 turns).

Borgoz the Twirler (Gargoyle Gladiator)             Turns: 4408, Time: 00:06:22

Health: -1/49      AC: 15    Str: 20    XL:     8   Next: 31%
Magic:  8/8        EV: 12    Int:  9    God:
Gold:   331        SH:  0    Dex: 11    Spells: 7/7 levels left

rFire    . . .     SeeInvis +   a - +0 quarterstaff
rCold    . . .     Gourm    .   (shield currently unavailable)
rNeg     + . .     Faith    .   s - +0 ring mail
rPois    ∞         Spirit   .   c - +0 helmet
rElec    +         Reflect  .   (no cloak)
rCorr    .         Harm     .   t - +0 pair of gloves
MR       .....                  n - +0 pair of boots
Stlth    ..........             A - amulet of regeneration
HPRegen  0.56/turn              (no ring)
MPRegen  0.11/turn              v - ring of see invisible

@: confused
A: negative energy resistance 1, electricity resistance, unbreathing,
petrification resistance, rot immunity, AC +5
a: no special abilities


You were on level 6 of the Dungeon.
You were hungry.

You visited 1 branch of the dungeon, and saw 6 of its levels.

You collected 331 gold pieces.

Inventory:

Hand Weapons
 a - a +0 quarterstaff (weapon)
Missiles
 d - 3 throwing nets (quivered)
Armour
 c - a +0 helmet (worn)
 n - a +0 pair of boots (worn)
 s - a +0 ring mail (worn)
 t - a +0 pair of gloves (worn)
Jewellery
 v - a ring of see invisible (right hand)
 x - an uncursed amulet of the acrobat
 A - an amulet of regeneration (around neck)
Wands
 E - a wand of random effects (17)
Scrolls
 e - 3 scrolls of amnesia
 g - a scroll of random uselessness {unknown}
 i - 2 scrolls of teleportation {unknown}
 k - a scroll of enchant armour {unknown}
 l - 2 scrolls of remove curse
 m - 2 scrolls of noise {unknown}
 o - 2 scrolls of magic mapping {unknown}
 p - a scroll of identify
 u - a scroll of fog
 y - 2 scrolls of fear
 z - a scroll of enchant weapon {unknown}
 B - a scroll of vulnerability {unknown}
 F - a scroll of immolation {unknown}
Potions
 b - 2 potions of curing
 h - a potion of mutation {unknown}
 j - a potion of flight {unknown}
 q - a potion of heal wounds {unknown}
 r - a potion of resistance
 w - a potion of cancellation
 C - a potion of agility
 D - a potion of invisibility {unknown}
Comestibles
 f - 9 rations


   Skills:
 + Level 5.0 Fighting
 * Level 6.7 Staves
 - Level 1.7 Throwing
 + Level 4.3 Armour
 + Level 4.3 Dodging


You had 7 spell levels left.
You didn't know any spells.
Your spell library was empty.

Dungeon Overview and Level Annotations

Branches:
Dungeon (6/15)
 Temple: D:4-7

Altars:

Annotations:
D:5 2 runed translucent doors, Leeroy's ghost, amateur DrSk


Innate Abilities, Weirdness & Mutations

You are resistant to torment.
Your stone body is resilient. (AC +5)
You are immune to poison.
You resist negative energy. (rN+)
You are resistant to electric shocks. (rElec)
You can survive without breathing.
You are immune to petrification.
You are immune to rotting.


Message History

Your Fighting skill increases to level 5!
The orc wizard points at you and mumbles some strange words.
You are confused.
The orc priest closely misses you.
The howler monkey skeleton closely misses you.
An orc comes into view. It is wielding a +0 trident of venom.
Your ring mail prevents you from hitting the orc priest.
The orc wizard barely misses you.
The orc priest invokes the aid of Beogh against you.
Beogh smites you!
* * * LOW HITPOINT WARNING * * *
The howler monkey skeleton completely misses you.
You sock the orc wizard!
The orc wizard is almost dead.
An orc priest comes into view.
The orc wizard mumbles some strange words.
The orc wizard flickers and vanishes for a moment.
The orc priest mumbles some strange prayers to Beogh against you.
Beogh smites you!
You die...

#.#.....# ..
#.#.....#
....###.#.....#
........(.....#
...###(..##+##
##(#+##.#
#......(#
#.(.....#
#o@Z....#
.....'o)....?#
.##.o........#
#o######...# #
...# ...# ...#
#.#


You could see 2 orc priests, an orc wizard (invisible), an orc and a howler
monkey skeleton.

Vanquished Creatures
  Grinder (D:5)
  2 ogres (D:5)
  2 centaurs (D:6)
  A scorpion (D:4)
  A howler monkey (D:3)
  2 crimson imps (D:5)
  A bullfrog zombie (D:5)
  2 hounds
  A jelly (D:6)
  A worker ant (D:3)
  A killer bee zombie (D:6)
  8 gnolls (D:3)
  6 adders
  2 oozes
  An adder zombie (D:5)
  A worm (D:4)
  6 leopard geckos
  7 orcs
  7 giant cockroaches
  7 goblins
  7 hobgoblins
  5 jackals
  3 quokkas
  4 ball pythons
  9 bats
  7 frilled lizards
  11 kobolds
  A leopard gecko zombie (D:5)
  A quokka skeleton (D:5)
  4 rats
112 creatures vanquished.

Notes
Turn   | Place    | Note
-------+----------+-------------------------------------------
     0 | D:1      | Borgoz the Gargoyle Gladiator began the quest for the Orb.
     0 | D:1      | Reached XP level 1. HP: 12/12 MP: 1/1
   219 | D:1      | Reached XP level 2. HP: 18/18 MP: 2/2
   417 | D:1      | Reached skill level 1 in Armour
   427 | D:1      | Reached XP level 3. HP: 19/22 MP: 3/3
  1179 | D:2      | Reached XP level 4. HP: 24/27 MP: 4/4
  1839 | D:3      | Reached skill level 4 in Staves
  2032 | D:3      | Reached XP level 5. HP: 28/32 MP: 5/5
  2668 | D:4      | Reached XP level 6. HP: 29/37 MP: 6/6
  2816 | D:3      | Reached skill level 5 in Staves
  3036 | D:5      | Entered Level 5 of the Dungeon
  3100 | D:5      | Found a runed translucent door.
  3146 | D:5      | Noticed Leeroy's ghost (amateur DrSk)
  3361 | D:5      | Found a runed translucent door.
  3409 | D:5      | Noticed Grinder
  3431 | D:5      | Killed Grinder
  3431 | D:5      | Reached XP level 7. HP: 41/44 MP: 7/7
  3566 | D:5      | Reached skill level 6 in Staves
  3777 | D:5      | Reached XP level 8. HP: 28/48 MP: 8/8
  4406 | D:6      | Reached skill level 5 in Fighting
  4408 | D:6      | Killed from afar by an orc priest

Levels and vault maps discovered:
D:1:      lightli_arrival_windingriver, layout_loops_ring
D:2:      layout_basic, minmay_misc_feat_pillars, grunt_ministairs_6
D:3:      layout_basic
D:4:      layout_rooms, ebering_ghost_reflecting_pool, first_ration,
          minmay_increasing_density
D:5:      layout_basic, ebering_ghost_sewer_f, nicolae_underground_beach,
          uniq_grinder
D:6:      layout_basic, minmay_temple_entry_slanted, uniq_edmund

Skill      XL: |  1  2  3  4  5  6  7  8 |
---------------+-------------------------+-----
Armour         | 1 2 3 4 |  4.3
Fighting       | 3 4 5 |  5.0
Staves         | 4 5 6 |  6.7
Dodging        | 3 4 |  4.3
Throwing       | |  1.7

Action                   |  1- 3 |  4- 6 |  7- 9 || total
-------------------------+-------+-------+-------++-------
Melee: Quarterstaff      |   115 |   250 |    63 ||   428
  Use: Scroll            |       |     5 |     4 ||     9
       Potion            |       |     1 |     1 ||     2
  Eat: Chunk             |     1 |     8 |     2 ||    11
Armor: Leather armour    |    54 |       |       ||    54
       Ring mail         |    16 |   119 |    35 ||   170
       Skin              |       |     2 |       ||     2
Dodge: Dodged            |    91 |   160 |    55 ||   306

Table legend:
 A = Non-vault XP
 B = Vault XP
 C = Vault XP percentage of total XP
 D = Non-vault monster count
 E = Vault monster count
 F = Vault count percentage of total count
                 A         B        C        D         E       F
            +---------+---------+-------+---------+---------+-------
      Total |    1273 |     285 |  18.3 |     109 |       3 |   2.7
            +---------+---------+-------+---------+---------+-------
        D:1 |      38 |       0 |   0.0 |      22 |       0 |   0.0
        D:2 |      45 |       4 |   8.2 |      21 |       2 |   8.7
        D:3 |     311 |       0 |   0.0 |      33 |       0 |   0.0
        D:4 |      97 |       0 |   0.0 |       8 |       0 |   0.0
        D:5 |     492 |     281 |  36.4 |      21 |       1 |   4.5
        D:6 |     290 |       0 |   0.0 |       4 |       0 |   0.0
            +---------+---------+-------+---------+---------+-------
